 Dungeon Crawl Stone Soup version 0.28.0-45-g0d030f2227 (webtiles) character file.

Game seed: 9815792529932623520

13899 zeratav the Dealer of Despair (level 12, -9/68 HPs)
             Began as a Tengu Summoner on Apr 13, 2022.
             Was an Elder of Kikubaaqudgha.
             Killed by divine providence
             ... invoked by a smoke demon
              (13 damage)
             ... on level 2 of the Abyss.
             The game lasted 01:15:34 (16835 turns).

zeratav the Dealer of Despair (Tengu Summoner)     Turns: 16835, Time: 01:15:35

Health: -9/68      AC: 14    Str: 17    XL:     12   Next: 10%
Magic:  12/20      EV: 14    Int: 21    God:    Kikubaaqudgha [****..]
Gold:   410        SH:  5    Dex: 14    Spells: 5/21 levels left

rFire   . . .      SeeInvis +   s - +1 trident of Moral Flaws {vorpal, Will- rCorr Str+8 SInv, polearm}
rCold   . . .      Faith    .   e - +0 buckler
rNeg    . . .      Spirit   .   i - +5 robe of Night {Dark Will+ SInv}
rPois   .          Reflect  .   (helmet restricted)
rElec   .          Harm     .   (no cloak)
rCorr   +          Rampage  .   f - +2 pair of gloves
Will    .....                   (boots unavailable)
Stlth   ++........              (no amulet)
HPRegen 0.21/turn               l - +4 ring of protection
MPRegen 0.17/turn               (no ring)

@: flying quickly and evasively, quick
A: beak, talons 3, nimble flight
a: Renounce Religion, Receive Corpses


You were on level 2 of the Abyss.
You worshipped Kikubaaqudgha.
Kikubaaqudgha was greatly pleased with you.
You visited 1 branch of the dungeon, and saw 11 of its levels.
You visited the Abyss 1 time.

You collected 410 gold pieces.


Innate Abilities, Weirdness & Mutations

You have a beak for a mouth.
You have claws for feet.
Your magical nature lets you fly swiftly and evasively.


   Skills:
 - Level 5.0 Fighting
 + Level 10.1 Polearms
 * Level 2.3 Armour
 - Level 2.1 Dodging
 - Level 2.0 Stealth
 - Level 3.0 Shields
 * Level 5.0 Spellcasting
 - Level 11.0 Summonings
 - Level 12.5 Necromancy
 - Level 5.0 Air Magic


You had 5 spell levels left.
You knew the following spells:

 Your Spells              Type           Power      Damage    Failure   Level
a - Summon Lightning Spi  Summ/Air       39%        N/A       5%          4
b - Call Canine Familiar  Summ           51%        N/A       1%          3
c - Summon Guardian Gole  Hex/Summ       28%        N/A       4%          3
d - Sublimation of Blood  Necr           55%        N/A       1%          2
s - Animate Dead          Necr           27%        N/A       1%          4

Your spell library contained the following spells:

 Spells                   Type           Power      Damage    Failure   Level
 Animate Skeleton         Necr           100%       N/A       1%          1
 Pain                     Necr           100%       1d9       1%          1
 Summon Small Mammal      Summ           100%       N/A       1%          1
 Call Imp                 Summ           51%        N/A       1%          2
 Vampiric Draining        Necr           55%        2d9       1%          3
 Excruciating Wounds      Necr           27%        N/A       2%          5
 Anguish                  Hex/Necr       15%        N/A       11%         4
 Apportation              Tloc           10%        N/A       14%         1
 Sandblast                Erth           10%        2d5       14%         1
 Passwall                 Tmut/Erth      4%         N/A       22%         2
 Ozocubu's Armour         Ice            5%         N/A       38%         3
 Portal Projectile        Hex/Tloc       10%        N/A       38%         3
 Stone Arrow              Conj/Erth      10%        3d7       38%         3
 Leda's Liquefaction      Hex/Erth       2%         N/A       80%         4
 Blade Hands              Tmut           2%         N/A       98%         5
 Death Channel            Necr           27%        N/A       13%         6
 Simulacrum               Ice/Necr       15%        N/A       86%         6
 Ozocubu's Refrigeration  Ice            2%         4d5       100%        7

Inventory:

Hand Weapons
 s - the +1 trident of Moral Flaws (weapon) {vorpal, Will- rCorr Str+8 SInv, polearm}
   (You found it on level 7 of the Dungeon)

   It inflicts extra damage upon your enemies.
   Str:       It affects your strength (+8).
   SInv:      It lets you see invisible.
   rCorr:     It protects you from acid and corrosion.
   Will:      It decreases your willpower.
 H - a +4 trident {polearm}
   (You took it off a wight on level 9 of the Dungeon)
Missiles
 E - 5 curare-tipped darts {=fthrowing}
Armour
 e - a +0 buckler (worn)
   (You found it on level 7 of the Dungeon)
 f - a +2 pair of gloves (worn)
   (You found it on level 1 of the Dungeon)
 i - the +5 robe of Night (worn) {Dark Will+ SInv}
   (You found it on level 2 of the Dungeon)

   It shrouds the wearer in darkness, reducing the range at which they can see
   and be seen by others.
   SInv:      It lets you see invisible.
   Will:      It increases your willpower.
 v - a +1 scale mail of willpower
   (You found it on level 9 of the Dungeon)
 w - +0 acid dragon scales
   (You found it on level 8 of the Dungeon)
 C - the +5 chain mail "Hareu" {rPois Str+4 Dex+6}
   (You found it on level 10 of the Dungeon)

   Str:       It affects your strength (+4).
   Dex:       It affects your dexterity (+6).
   rPois:     It protects you from poison.
 F - +0 swamp dragon scales
   (You found it on level 8 of the Dungeon)
Jewellery
 l - a +4 ring of protection (left hand)
   (You found it on level 2 of the Dungeon)
Wands
 u - a wand of iceblast (19)
   (You found it on level 4 of the Dungeon)
 x - a wand of polymorph (13)
   (You found it on level 4 of the Dungeon)
Scrolls
 b - 6 scrolls of identify {@r1}
 d - 4 scrolls of immolation {!r!r}
 r - a scroll of magic mapping {!r}
 t - 2 scrolls of enchant weapon
 y - a scroll of enchant armour {unknown}
 D - 2 scrolls of vulnerability {!r!r}
 G - a scroll of fog {unknown}
Potions
 a - 4 potions of might
 h - a potion of heal wounds {unknown}
 j - 2 potions of degeneration {unknown}
 k - 2 potions of lignification {unknown}
 m - 2 potions of mutation {unknown}
 n - a potion of brilliance {unknown}
 o - 2 potions of resistance {unknown}
 p - 2 potions of cancellation
 q - 4 potions of magic {unknown}
 z - 2 potions of attraction {unknown}
 A - a potion of flight {unknown}
 B - a potion of haste {unknown}

Dungeon Overview and Level Annotations

Branches:
Dungeon (11/15)            Temple (0/1) D:5            Lair (0/6) D:11
    Orc (0/2) D:9

Altars:
Ashenzari
Cheibriados
Dithmenos
Fedhas
Gozag
Hepliaklqana
Kikubaaqudgha
Ru
Sif Muna
Trog
Uskayaw
Xom
Yredelemnul

Shops:
D:6 [![

Portals:
Abyss: D:10

Annotations:
D:10 2 transporters, Antichthon's ghost, novice NaWr
D:11 Nergalle; Sonja

### #.
#h##.# #
#.39###
h..5##z##
...####@##
.3## #8##
#.


.Xx #434# #..# ..# You could see an orange demon, a large abomination, a smoke
demon, a neqoxec, a chaos spawn, a small abomination (ally target), a flying
skull (ally target), a friendly guardian golem (summoned) and a friendly
lightning spire (summoned).


Message History

Your kick misses the flying skull.
You feel very sick.
Your wolf bites the neqoxec!
Your wolf's attack snaps the neqoxec out of its fear.
The quasit bites your wolf but does no damage.
The quasit claws your wolf. The quasit barely misses your wolf.
The flying skull closely misses you. You block the neqoxec's attack.
Your wolf barely misses the neqoxec.
The quasit barely misses your wolf.
The quasit claws your wolf but does no damage.
The quasit barely misses your wolf.
HP[-3] MP[+1]
You take 3 damage, and now have 47/68 hp.
You closely miss the neqoxec. You claw the neqoxec, but do no damage.
You feel very sick. The flying skull hits you.
Your wolf bites the quasit.
You block the neqoxec's attack. The quasit misses your wolf.
The quasit closely misses your wolf.
The quasit claws your wolf but does no damage.
HP[-7]
You take 7 damage, and now have 40/68 hp.
You closely miss the neqoxec.
You feel sick.
The flying skull hits you but does no damage.
The neqoxec hits you!
* * * LOW HITPOINT WARNING * * *
The flying skull closely misses you.
HP[-9]
You take 9 damage, and now have 31/68 hp.
You closely miss the neqoxec. You claw the neqoxec, but do no damage.
You feel sick. The flying skull closely misses you.
The neqoxec hits you but does no damage.
HP[-1]
You take 1 damage, and now have 30/68 hp.
You puncture the neqoxec! Your peck misses the neqoxec.
You feel sick.
The flying skull hits you but does no damage.
HP[-1]
You take 1 damage, and now have 29/68 hp.
You miss the neqoxec. You claw the neqoxec, but do no damage.
You peck the neqoxec, but do no damage.
You feel sick. The flying skull closely misses you. The neqoxec hits you!
* * * LOW HITPOINT WARNING * * *
HP[-9]
You take 9 damage, and now have 20/68 hp.
You barely miss the neqoxec.
You feel sick.
The flying skull hits you but does no damage.
The neqoxec hits you!
* * * LOW HITPOINT WARNING * * *
The flying skull hits you but does no damage.
HP[-8]
You take 8 damage, and now have 12/68 hp.
You hit the neqoxec but do no damage. You claw the neqoxec.
You feel sick. The flying skull closely misses you.
The neqoxec closely misses you.
A neqoxec comes into view.
HP[-1] MP[+1]
You take 1 damage, and now have 11/68 hp.
You hit the neqoxec.
You kill the neqoxec!
That felt strangely unrewarding.
You feel sick. The flying skull misses you. The neqoxec gestures at you.
Something tries to feed on your intellect!
You feel sick. You block the flying skull's attack.
Your wolf misses the quasit.
A raiju comes into view.
HP[-1]
You take 1 damage, and now have 10/68 hp.
You feel sick.
You are no longer poisoned.
Your wolf barely misses the quasit.
Your wolf closely misses the quasit.
The flying skull hits you.
* * * LOW HITPOINT WARNING * * *
The quasit bites your guardian golem but does no damage.
The quasit claws your guardian golem but does no damage. x2
HP[-5]
You take 5 damage, and now have 5/68 hp.
A smoke demon, a large abomination and a chaos spawn come into view.
Something bites your guardian golem but does no damage.
Something claws your guardian golem but does no damage. x2
A small abomination comes into view.
Casting: Summon Guardian Golem (dangerous; 4% risk of failure)
Confirm with . or Enter, or press ? or * to list all spells.
An electric hum fills the air.
The smoke demon roars!
The flying skull hits you but does no damage.
The small abomination hits your lightning spire.
The flying skull misses you.
MP[-4]
You lost 4 mp, and now have 12/20 mp.
Casting: Summon Lightning Spire (dangerous; 5% risk of failure)
Confirm with . or Enter, or press ? or * to list all spells.
Okay, then.
Okay, then.
It was a potion of cancellation.
You feel magically purged.
The small abomination hits your lightning spire.
The quasit bites your guardian golem but does no damage.
The quasit claws your guardian golem but does no damage. x2
The flying skull hits you.
* * * LOW HITPOINT WARNING * * *
The smoke demon gestures at you. Something smites you!
You die...
Kikubaaqudgha rasps: "You have failed me!
Welcome... death!"

Skill      XL: |  1  2  3  4  5  6  7  8  9 10 11 12 |
---------------+-------------------------------------+-----
Summonings     | 5 6 7 8 9 11 | 11.0
Spellcasting   | 3 4 5 |  5.0
Polearms       | 1 3 5 7 8 10 | 10.1
Necromancy     | 1 7 9 12 | 12.5
Air Magic      | 1 5 |  5.0
Fighting       | 3 5 |  5.0
Shields        | 3 |  3.0
Armour         | 2 |  2.3
Dodging        | |  2.1
Stealth        | |  2.0

Action                   |  1- 3 |  4- 6 |  7- 9 | 10-12 || total
-------------------------+-------+-------+-------+-------++-------
Melee: Whip              |    22 |    20 |       |       ||    42
       Unarmed           |     2 |       |       |       ||     2
       Kick              |     4 |    11 |    13 |    24 ||    52
       Peck              |     2 |    14 |    14 |    14 ||    44
       Spear             |       |    45 |   139 |     5 ||   189
       Trident           |       |       |       |   138 ||   138
       Punch             |       |       |       |     2 ||     2
 Cast: Summon Small Mamm |    36 |    26 |     9 |       ||    71
       Call Canine Famil |     7 |    31 |    32 |    36 ||   106
       Summon Guardian G |       |       |    11 |    45 ||    56
       Summon Lightning  |       |       |       |    56 ||    56
       Sublimation of Bl |       |       |       |    18 ||    18
       Animate Dead      |       |       |       |     1 ||     1
  Use: Scroll            |       |       |    10 |     3 ||    13
       Potion            |       |       |       |     1 ||     1
 Stab: Distracted        |     1 |     1 |     4 |     4 ||    10
       Sleeping          |       |     1 |       |       ||     1
Armor: Robe              |     7 |    31 |    22 |    78 ||   138
Dodge: Dodged            |    23 |    66 |    42 |   128 ||   259
Block: Buckler           |       |       |       |    26 ||    26

Levels and vault maps discovered:
D:1:      kilobyte_arrival_exit_the_forest, layout_basic,
          dreamdust_ecumenical_altar_hidden_monk_grotto, hex_tiny,
          minmay_tetromino_s2
D:2:      layout_loops_corners, minivault_5, uniq_robin
D:3:      layout_rooms, nicolae_overflow_hidden_temple,
          kennysheep_generic_room_14
D:4:      layout_gridville, general_overflow_altar, kennysheep_little_box
D:5:      layout_basic, minmay_temple_entry_statues
D:6:      layout_loops_ring, evilmike_ruin_ashenzari,
          nicolae_uskayaw_dance_hall, nicolae_ossuary_entry_catacombs,
          serial_shops, shop, shop, shop, chequers_arboretum, chequers_garden,
          uniq_duvessa, uniq_menkaure, uniq_edmund
D:7:      layout_basic
D:8:      layout_rooms, grunt_dithmenos_smoke, lemuel_round_altar,
          corexii_checkpoint_a, uniq_grum, uniq_maggie
D:9:      layout_loops_ring, nicolae_ru_awakened_eye, erik_orc_4
D:10:     layout_irregular_city, mainiacjoe_overflow_brackets,
          gammafunk_temple_overflow_elements, gammafunk_temple_overflow_statue,
          gammafunk_ghost_abyssal_escape
D:11:     layout_loops_cross, due_lair_maze_entry_diamond, uniq_nergalle,
          uniq_snorg, uniq_sonja
Abyss:2:  base:
D:11

Notes
Turn   | Place    | Note
-------+----------+-------------------------------------------
     0 | D:1      | zeratav the Tengu Summoner began the quest for the Orb.
     0 | D:1      | Reached XP level 1. HP: 10/10 MP: 4/4
     0 | D:1      | magus.rc [v1.9.6]
    63 | D:1      | You pick up a book of Geomancy and begin reading...
    63 | D:1      | You add the spells Sandblast, Passwall and Stone Arrow to
                  | your library.
   173 | D:1      | Reached skill level 5 in Summonings
   385 | D:1      | You pick up a book of Geomancy and begin reading...
   415 | D:1      | Found a faded altar of an unknown god.
   496 | D:1      | Reached XP level 2. HP: 11/15 MP: 3/6
  1649 | D:2      | Found the +5 robe of Night {Dark Will+ SInv}
  1859 | D:2      | Reached XP level 3. HP: 19/19 MP: 5/7
  1863 | D:2      | Learned a level 3 spell: Call Canine Familiar
  2498 | D:2      | Noticed Robin
  2506 | D:2      | Killed Robin
  2507 | D:2      | Reached skill level 6 in Summonings
  2512 | D:2      | Reached XP level 4. HP: 24/24 MP: 5/9
  3187 | D:3      | Noticed a water moccasin
  3221 | D:3      | Killed a water moccasin
  3222 | D:3      | Reached skill level 3 in Spellcasting
  3222 | D:3      | Reached skill level 7 in Summonings
  3222 | D:3      | Gained mutation: Your magical nature lets you fly swiftly
                  | and evasively. [Tengu growth]
  3222 | D:3      | Reached XP level 5. HP: 28/28 MP: 1/11
  3404 | D:3      | Found an ancient bone altar of Kikubaaqudgha.
  3889 | D:4      | Found a shimmering altar of Xom.
  3989 | D:4      | Reached XP level 6. HP: 31/32 MP: 7/12
  4257 | D:4      | Found a shimmering blue altar of Sif Muna.
  4518 | D:4      | Reached skill level 1 in Polearms
  4846 | D:4      | Reached skill level 8 in Summonings
  5085 | D:3      | Became a worshipper of Kikubaaqudgha
  5397 | D:5      | Entered Level 5 of the Dungeon
  5424 | D:5      | Noticed a shadow
  5456 | D:5      | Reached skill level 4 in Spellcasting
  5456 | D:5      | Reached XP level 7. HP: 36/36 MP: 4/14
  5477 | D:5      | Killed a shadow
  5478 | D:5      | Reached skill level 2 in Polearms
  5754 | D:5      | Reached skill level 3 in Polearms
  5754 | D:5      | Reached skill level 9 in Summonings
  5767 | D:5      | Reached XP level 8. HP: 33/41 MP: 1/15
  5964 | D:5      | Noticed a yak
  5966 | D:5      | Noticed a yak
  5981 | D:4      | Learned a level 3 spell: Summon Guardian Golem
  5982 | D:5      | Noticed a yak
  5991 | D:5      | Noticed a yak
  6001 | D:5      | Killed a yak
  6001 | D:5      | Killed a yak
  6002 | D:5      | Reached skill level 4 in Polearms
  6002 | D:5      | Reached skill level 5 in Spellcasting
  6002 | D:5      | Reached skill level 10 in Summonings
  6004 | D:5      | HP: 5/41 [cloud of flame (18)]
  6018 | D:5      | Killed a yak
  6018 | D:5      | Killed a yak
  6019 | D:5      | Reached skill level 11 in Summonings
  6423 | D:5      | Reached skill level 5 in Polearms
  6429 | D:5      | Reached skill level 1 in Necromancy
  6560 | D:5      | Found a staircase to the Ecumenical Temple.
  6613 | D:5      | You pick up a book of Weapons and begin reading...
  6613 | D:5      | You add the spells Portal Projectile, Excruciating Wounds
                  | and Blade Hands to your library.
  6630 | D:5      | Reached skill level 1 in Air Magic
  6630 | D:5      | Reached XP level 9. HP: 45/45 MP: 12/17
  6686 | D:5      | Reached skill level 2 in Necromancy
  6847 | D:5      | Reached * piety under Kikubaaqudgha
  6847 | D:5      | You add the spells Animate Skeleton, Pain, Sublimation of
                  | Blood and Vampiric Draining to your library.
  6847 | D:5      | Received a gift from Kikubaaqudgha
  6851 | D:5      | Learned a level 2 spell: Sublimation of Blood
  6856 | D:5      | Learned a level 4 spell: Summon Lightning Spire
  7085 | D:6      | Noticed Duvessa
  7090 | D:6      | Noticed Dowan
  7099 | D:6      | Killed Duvessa
  7100 | D:6      | Reached skill level 2 in Air Magic
  7105 | D:6      | Killed Dowan
  7168 | D:6      | Reached skill level 3 in Necromancy
  7183 | D:6      | Found Faaj's Distillery.
  7186 | D:6      | Noticed Edmund
  7230 | D:6      | Killed Edmund
  7416 | D:6      | Found Alow's Antique Armour Shoppe.
  7431 | D:6      | Found Unokikk's Armour Shop.
  7447 | D:6      | Reached skill level 3 in Air Magic
  7489 | D:6      | Noticed Menkaure
  7501 | D:6      | Killed Menkaure
  7502 | D:6      | Reached skill level 4 in Necromancy
  7512 | D:6      | Found a hide-covered altar of Uskayaw.
  7702 | D:6      | Reached skill level 6 in Polearms
  7710 | D:6      | Found a broken altar of Ashenzari.
  7762 | D:6      | Reached skill level 5 in Necromancy
  7762 | D:6      | Reached skill level 4 in Air Magic
  8889 | D:7      | Noticed a two-headed ogre
  8911 | D:7      | Killed a two-headed ogre
  8912 | D:7      | Reached skill level 7 in Polearms
  8912 | D:7      | Reached skill level 7 in Necromancy
  8912 | D:7      | Reached skill level 5 in Air Magic
  8912 | D:7      | Reached XP level 10. HP: 50/50 MP: 14/18
  9265 | D:7      | Reached ** piety under Kikubaaqudgha
  9660 | D:7      | Identified the +1 trident of Moral Flaws {vorpal, Will-
                  | rCorr Str+8 SInv}
  9792 | D:8      | Noticed Grum
  9863 | D:8      | Found a shadowy altar of Dithmenos.
 10305 | D:7      | HP: 11/51 [poisoned by a kobold brigand]
 10550 | D:8      | Reached skill level 1 in Fighting
 10699 | D:8      | Reached skill level 1 in Shields
 10932 | D:8      | Reached skill level 8 in Necromancy
 11086 | D:8      | Noticed a two-headed ogre
 11104 | D:8      | Killed a two-headed ogre
 11105 | D:8      | Reached skill level 2 in Fighting
 11105 | D:8      | Reached skill level 2 in Shields
 11275 | D:8      | Killed Grum
 11510 | D:8      | Noticed Maggie
 11522 | D:8      | Killed Maggie
 11523 | D:8      | Reached skill level 9 in Necromancy
 11665 | D:8      | Found a hazy altar of Hepliaklqana.
 11768 | D:9      | Reached skill level 3 in Fighting
 11915 | D:9      | Reached skill level 8 in Polearms
 11915 | D:9      | Reached skill level 3 in Shields
 12134 | D:9      | Reached *** piety under Kikubaaqudgha
 12134 | D:9      | You add the spells Anguish, Animate Dead, Death Channel and
                  | Simulacrum to your library.
 12134 | D:9      | Received a gift from Kikubaaqudgha
 12207 | D:9      | Reached XP level 11. HP: 60/60 MP: 2/19
 12406 | D:9      | Found a staircase to the Orcish Mines.
 12562 | D:9      | Learned a level 1 spell: Animate Skeleton
 12567 | D:9      | Learned a level 4 spell: Animate Dead
 12595 | D:9      | Reached skill level 4 in Fighting
 12595 | D:9      | Reached skill level 10 in Necromancy
 12809 | D:9      | Reached **** piety under Kikubaaqudgha
 13304 | D:9      | Found a sacrificial altar of Ru.
 13576 | D:10     | Entered Level 10 of the Dungeon
 13585 | D:10     | Identified the +5 chain mail "Hareu" {rPois Str+4 Dex+6}
 13606 | D:10     | Reached skill level 9 in Polearms
 13786 | D:10     | Found a snail-covered altar of Cheibriados.
 13786 | D:10     | Found a bloodstained altar of Trog.
 13933 | D:10     | Reached skill level 5 in Fighting
 13933 | D:10     | Reached skill level 11 in Necromancy
 14270 | D:10     | Found a transporter.
 14295 | D:10     | Noticed a hell hog
 14296 | D:10     | Noticed Antichthon's ghost (novice NaWr)
 14319 | D:10     | Noticed a hell hog
 14322 | D:10     | Noticed a tentacled starspawn
 14354 | D:10     | Found a transporter.
 14516 | D:10     | You pick up a book of the Hunter and begin reading...
 14539 | D:10     | You add the spells Ozocubu's Armour and Ozocubu's
                  | Refrigeration to your library.
 14576 | D:10     | Noticed a soul eater
 14635 | D:10     | Found a basalt altar of Yredelemnul.
 14681 | D:10     | Found an opulent altar of Gozag.
 14681 | D:10     | Found a blossoming altar of Fedhas.
 14917 | D:10     | Found a one-way gate to the infinite horrors of the Abyss.
 15117 | D:11     | Noticed Sonja
 15388 | D:11     | Noticed a two-headed ogre
 15394 | D:11     | HP: 11/63 [two-headed ogre/+0 giant club (9)]
 15419 | D:11     | Killed a two-headed ogre
 15420 | D:11     | Reached skill level 12 in Necromancy
 15524 | D:11     | Reached skill level 10 in Polearms
 15664 | D:11     | You pick up a book of Cantrips and begin reading...
 15674 | D:11     | Noticed a two-headed ogre
 15678 | D:11     | Reached XP level 12. HP: 68/68 MP: 12/20
 15682 | D:11     | Reached skill level 1 in Armour
 15702 | D:11     | Killed a two-headed ogre
 15703 | D:11     | Reached skill level 2 in Armour
 15806 | D:11     | Found a staircase to the Lair.
 15823 | D:11     | Noticed Nergalle
 15823 | D:11     | You are cast into the Abyss!
 15823 | D:11     | Cast into level 2 of the Abyss (Sonja)
 15826 | Abyss:2  | Noticed a starcursed mass
 15903 | Abyss:2  | Noticed a starcursed mass
 15917 | Abyss:2  | Noticed a thrashing horror
 16828 | Abyss:2  | HP: 12/68 [neqoxec (7)]
 16832 | Abyss:2  | HP: 5/68 [flying skull (4)]
 16835 | Abyss:2  | Killed from afar by a smoke demon

Vanquished Creatures
  3 yaks
  A neqoxec (Abyss:2)
  An acid dragon (D:8)
  An orc warrior (D:10)
  2 ogres
  A centaur (D:10)
  A bullfrog (D:9)
  2 elf zombies (D:6)
  Dowan (D:6)
  A water moccasin skeleton (D:5)
  A wight (D:9)
  A howler monkey (D:8)
  A hound (D:7)
  An orc priest (D:9)
  A bullfrog skeleton (D:6)
  A human skeleton (D:6)
  4 orc wizards
  A hound zombie (D:4)
  Robin (D:2)
  2 gnolls
  4 adders
  A white imp (D:6)
  An adder skeleton (D:4)
  A worm (D:5)
  A dart slug (D:4)
  9 orcs
  2 giant cockroaches (D:3)
  4 goblins
  A hobgoblin (D:1)
  A ball python (D:4)
  3 bats
  A frilled lizard (D:2)
  3 kobolds
  A rat (D:3)
61 creatures vanquished.

Vanquished Creatures (collateral kills)
  A two-headed ogre (D:7)
  2 unseen horrors
  2 kobold demonologists (D:10)
  A troll (D:10)
  A hornet (D:9)
  2 flying skulls (Abyss:2)
  11 yaks
  A wyvern (D:8)
  3 shadows
  A human (D:9)
  Menkaure (D:6)
  A warg (D:9)
  An acid dragon (D:9)
  2 water moccasins
  3 orc warriors
  Duvessa (D:6)
  An ice beast (D:5)
  3 black bears
  A sky beast (D:8)
  A necrophage (D:6)
  A wolf (D:8)
  2 ogres
  2 kobold brigands
  5 bullfrogs
  2 scorpions (D:5)
  6 killer bees (D:10)
  2 howler monkeys
  3 wights (D:9)
  A bullfrog zombie (D:6)
  A centaur zombie (D:7)
  2 hounds
  9 orc priests
  3 centaur skeletons
  An iguana (D:5)
  2 human skeletons (D:6)
  8 orc wizards
  4 adders
  4 gnolls
  A shadow imp (D:5)
  A white imp (Abyss:2)
  An ufetubus (D:4)
  2 worms
  A dart slug (D:2)
  27 orcs
  3 bats
  8 endoplasms
  3 giant cockroaches
  13 goblins
  11 hobgoblins
  11 kobolds
  2 ball pythons
  2 frilled lizards (D:2)
  An orc zombie (D:6)
  4 rats
189 creatures vanquished.

Vanquished Creatures (others)
  3 two-headed ogres
  Maggie (D:8)
  A komodo dragon (D:11)
  A large abomination (Abyss:2)
  7 yaks
  A small abomination (Abyss:2)
  Grum (D:8)
  Edmund (D:6)
  A water moccasin (D:11)
  2 orc warriors
  3 wolves (D:8)
  A gnoll sergeant (D:9)
  A scorpion (D:6)
  A jelly (D:7)
  An orc priest (D:5)
  3 orc wizards
  2 gnolls (D:9)
  4 orcs
  33 fungi (D:11)
  43 plants (D:11)
111 creatures vanquished.

Grand Total: 361 creatures vanquished

Table legend:
 A = Non-vault XP
 B = Vault XP
 C = Vault XP percentage of total XP
 D = Non-vault monster count
 E = Vault monster count
 F = Vault count percentage of total count
                 A         B        C        D         E       F
            +---------+---------+-------+---------+---------+-------
      Total |   15378 |    4479 |  22.6 |     222 |      61 |  21.6
            +---------+---------+-------+---------+---------+-------
        D:1 |      14 |       4 |  22.2 |       8 |       2 |  20.0
        D:2 |      46 |      38 |  45.2 |      24 |      12 |  33.3
        D:3 |      46 |     149 |  76.4 |      11 |       2 |  15.4
        D:4 |     272 |       0 |   0.0 |      31 |       0 |   0.0
        D:5 |    1930 |       0 |   0.0 |      27 |       0 |   0.0
        D:6 |     858 |     841 |  49.5 |      12 |      10 |  45.5
        D:7 |    1128 |       0 |   0.0 |      14 |       0 |   0.0
        D:8 |    1937 |    1035 |  34.8 |      21 |       8 |  27.6
        D:9 |    3855 |     800 |  17.2 |      40 |      18 |  31.0
       D:10 |    3649 |     126 |   3.3 |      28 |       1 |   3.4
       D:11 |    1643 |    1486 |  47.5 |       2 |       8 |  80.0
    Abyss:2 |       0 |       0 |   N/A |       4 |       0 |   0.0
            +---------+---------+-------+---------+---------+-------

Illustrated notes

Table legend:
 A = Kills in this place as a percentage of kills in entire the game.
 B = Kills by you in this place as a percentage of kills by you in the entire game.
 C = Kills by friends in this place as a percentage of kills by friends in the entire game.
 D = Other kills in this place as a percentage of other kills in the entire game.
 E = Experience gained in this place as a percentage of experience gained in the entire game.
 F = Experience gained in this place divided by the number of levels of this place that you have seen.
                   A       B       C       D       E      F
               +-------+-------+-------+-------+-------+----------------------
         Total | 100.0 | 100.0 | 100.0 | 100.0 | 100.0 | 1654.8
       Dungeon |  98.6 |  98.4 |  98.4 | 100.0 | 100.0 | 1805.2
         Abyss |   1.4 |   1.6 |   1.6 |   0.0 |   0.0 |   0.0
               +-------+-------+-------+-------+-------+----------------------

Table legend: (Time is in decaauts)
 A = Elapsed time spent in this place.
 B = Non-inter-level travel time spent in this place.
 C = Inter-level travel time spent in this place.
 D = Time resting spent in this place.
 E = Time spent auto-exploring this place.
 F = Levels seen in this place.
 G = Mean time per level.
                   A        B        C        D        E       F      G
               +--------+--------+--------+--------+--------+-----+--------+
         Total |  16138 |  15237 |    901 |   4525 |   5464 |  12 | 1344.8 |
       Dungeon |  15141 |  14240 |    901 |   4352 |   5459 |  11 | 1376.5 |
         Abyss |    996 |    996 |      0 |    173 |      4 |   1 |  996.0 |
               +--------+--------+--------+--------+--------+-----+--------+

Top non-repeatable levels by time:
     D:9: 1739 daAuts
    D:10: 1652 daAuts
     D:7: 1615 daAuts
     D:6: 1597 daAuts
     D:4: 1583 daAuts
     D:1: 1563 daAuts
     D:2: 1465 daAuts
     D:5: 1321 daAuts
     D:8: 1207 daAuts
 Abyss:2: 996 daAuts
     D:3: 923 daAuts
    D:11: 472 daAuts
